 Dungeon Crawl Stone Soup version 0.26.1-2-gb8aa6d0cf2 (webtiles) character file.

Game seed: 14578480982913681752

151 Gnirx the Digger (level 5, -2/32 HPs)
             Began as a Gargoyle Earth Elementalist on Feb 11, 2021.
             Slain by a hound (5 damage)
             ... on level 2 of the Dungeon.
             The game lasted 00:06:24 (4805 turns).

Gnirx the Digger (Gargoyle Earth Elementalist)      Turns: 4805, Time: 00:06:25

Health: -2/32      AC:  9    Str: 11    XL:     5   Next: 33%
Magic:  7/9        EV: 12    Int: 17    God:
Gold:   251        SH:  0    Dex: 10    Spells: 9/10 levels left

rFire    . . .     SeeInvis +   a - +0 whip
rCold    . . .     Faith    .   (no shield)
rNeg     + . .     Spirit   .   e - +0 robe
rPois    ∞         Reflect  .   f - +1 helmet {SInv}
rElec    +         Harm     .   (no cloak)
rCorr    .         Rampage  .   o - +0 pair of gloves
Will     .....                  (no boots)
Stlth    ++........             (no amulet)
HPRegen  0.10/turn              (no ring)
MPRegen  0.11/turn              (no ring)

@: no status effects
A: negative energy resistance 1, electricity resistance, unbreathing,
petrification resistance, miasma immunity, AC +4
a: no special abilities


You were on level 2 of the Dungeon.
You visited 1 branch of the dungeon, and saw 4 of its levels.

You collected 251 gold pieces.

Inventory:

Hand Weapons
 a - a +0 whip (weapon)
Missiles
 b - 82 stones
Armour
 c - a +0 robe
 e - a +0 robe (worn)
 f - a +1 helmet of see invisible (worn)
 o - a +0 pair of gloves (worn)
Scrolls
 h - 4 scrolls of remove curse
 l - a scroll of identify
 m - 3 scrolls of fear
Potions
 d - a potion of lignification {unknown}
 g - a potion of curing
 i - a potion of haste {unknown}
 j - a potion of attraction {unknown}
 k - a potion of might {unknown}
 n - a potion of brilliance
 p - a potion of heal wounds {unknown}


   Skills:
 + Level 2.8 Fighting
 - Level 1.5 Dodging
 - Level 2.1 Stealth
 + Level 3.3 Spellcasting
 - Level 0.7 Transmutations
 + Level 5.0 Earth Magic


You had 9 spell levels left.
You knew the following spells:

 Your Spells              Type           Power        Failure   Level
a - Sandblast             Erth           38%          2%          1

Your spell library contained the following spells:

 Spells                   Type           Power        Failure   Level
 Passwall                 Tmut/Erth      10%          8%          2
 Stone Arrow              Conj/Erth      22%          19%         3
 Petrify                  Tmut/Erth      12%          45%         4
 Lee's Rapid Deconstruct  Erth           9%           52%         5


Dungeon Overview and Level Annotations

Branches:
Dungeon (4/15)             Temple (0/1) D:4

Altars:
Dithmenos


Innate Abilities, Weirdness & Mutations

You are resistant to torment.
Your stone body is resilient. (AC +4)
You are immune to poison.
You resist negative energy. (rN+)
You are resistant to electric shocks. (rElec)
You can survive without breathing.
You are immune to petrification.
You are immune to miasma.


Message History

The hound bites you.
* * * LOW HITPOINT WARNING * * *
The hound misses you.
There is a stone staircase leading up here.
The hound bites you but does no damage.
You climb upwards.
There is a stone staircase leading down here.
Aiming: Sandblast (safe; 2% risk of failure)
Press: ? - help, Q - select action, (/) - cycle Shift-Dir - straight line, f - hound
Aim: a hound (29% to evade)
The blast of sand misses the hound.
The hound misses you. The hound bites you.
* * * LOW HITPOINT WARNING * * *
Aiming: Sandblast (safe; 2% risk of failure)
Press: ? - help, Q - select action, (/) - cycle Shift-Dir - straight line, f/p - hound
Aim: a hound (29% to evade)
The blast of sand hits the hound!
The hound is heavily wounded.
The hound bites you.
You die...

.#
####...(##.#...<##.#.#.....
.# #....##.#.#####.########
.# #....#....#####.# )#
#....#..........# .######
#....#...######## ......#
#....#...#
......####....#...####
......'..'....'....^.#####
......####....##@h.......#
....[.# #######.........#
......# #.........# ).....#
#.....##### ......#
#..########## ......#
#...........# #######
##.########.# #..........#
#........###


You could see a hound.

Vanquished Creatures
  5 adders (D:2)
  2 oozes (D:2)
  2 worms (D:2)
  5 dart slugs
  5 leopard geckos
  2 orcs (D:3)
  4 giant cockroaches
  8 goblins
  9 hobgoblins
  2 jackals (D:2)
  2 ball pythons (D:3)
  8 bats
  3 frilled lizards
  10 kobolds
  10 rats
77 creatures vanquished.

Notes
Turn   | Place    | Note
-------+----------+-------------------------------------------
     0 | D:1      | Gnirx the Gargoyle Earth Elementalist began the quest for
                  | the Orb.
     0 | D:1      | Reached XP level 1. HP: 10/10 MP: 3/3
   357 | D:1      | Reached XP level 2. HP: 6/16 MP: 1/5
   431 | D:1      | Reached skill level 1 in Fighting
   453 | D:1      | Reached skill level 4 in Earth Magic
  1263 | D:1      | Reached XP level 3. HP: 20/20 MP: 6/6
  2286 | D:2      | Reached XP level 4. HP: 16/26 MP: 8/8
  3056 | D:2      | Found a shadowy altar of Dithmenos.
  3619 | D:2      | Reached XP level 5. HP: 25/31 MP: 9/9
  4462 | D:3      | Reached skill level 5 in Earth Magic
  4695 | D:4      | Found a staircase to the Ecumenical Temple.
  4805 | D:2      | Slain by a hound

Illustrated notes

Levels and vault maps discovered:
D:1:      eino_arrival_cavern_d, layout_loops_cross, st_stairs_11,
          grunt_decor_mini_mirrors, minmay_vboxes
D:2:      layout_basic, nicolae_dithmenos_shadow_blocks
D:3:      layout_loops_ring
D:4:      layout_loops_ring, kennysheep_little_box,
          minmay_temple_entry_stoned_glass, minmay_door_square,
          uniq_blork_the_orc

Skill      XL: |  1  2  3  4  5 |
---------------+----------------+-----
Fighting       | 1 2 |  2.8
Earth Magic    | 4 5 |  5.0
Spellcasting   | 3 |  3.3
Dodging        | |  1.5
Stealth        | |  2.1
Transmutations | |  0.7

Action                   |  1- 3 |  4- 6 || total
-------------------------+-------+-------++-------
Melee: Unarmed           |    18 |       ||    18
       Whip              |   145 |   232 ||   377
 Cast: Sandblast         |    13 |    10 ||    23
  Use: Scroll            |     6 |     2 ||     8
 Stab: Sleeping          |     1 |     2 ||     3
Armor: Robe              |    53 |   148 ||   201
Dodge: Dodged            |   141 |   276 ||   417
